 Dungeon Crawl Stone Soup version 0.23-a0-636-g0ff6057 (webtiles) character file.

431 dondy the Sneak (level 7, -1/34 HPs)
             Began as a Vine Stalker Assassin on Dec 28, 2018.
             Slain by an ogre
             ... wielding a +0 giant club
              (20 damage)
             ... on level 4 of the Dungeon.
             The game lasted 00:10:30 (3729 turns).

dondy the Sneak (Vine Stalker Assassin)             Turns: 3729, Time: 00:10:31

Health: -1/34      AC:  5    Str: 14    XL:     7   Next: 0%
Magic:  0/8        EV: 11    Int: 11    God:
Gold:   213        SH:  0    Dex: 17    Spells: 6/6 levels left

rFire    . . .     SeeInvis .   a - +2 dagger
rCold    . . .     Gourm    .   (no shield)
rNeg     . . .     Faith    .   j - +2 robe {MR+}
rPois    .         Spirit   +   (no helmet)
rElec    .         Reflect  .   d - +0 cloak
rCorr    .         Harm     .   (no gloves)
MR       +....                  (no boots)
Stlth    +++++.....             (no amulet)
HPRegen  0.51/turn              t - ring of stealth
MPRegen  0.11/turn              y - ring of flight

@: lethally poisoned (-1 -> -1)
A: fangs 2, regeneration 1, magic shield, antimagic bite, no potion heal 3, rot
immunity
a: Evoke Flight


You were on level 4 of the Dungeon.
You were not hungry.

You visited 1 branch of the dungeon, and saw 4 of its levels.

You collected 213 gold pieces.

Inventory:

Hand Weapons
 a - a +2 dagger (weapon)
 b - a +0 blowgun
Missiles
 e - 8 poisoned needles
 f - 2 curare-tipped needles
 z - a throwing net (quivered)
Armour
 d - a +0 cloak (worn)
 h - a +0 ring mail
 j - a +2 robe of magic resistance (worn)
 A - a cursed -2 leather armour
Jewellery
 t - a ring of stealth (left hand)
 y - a ring of flight (right hand)
Wands
 c - a wand of acid (2)
Scrolls
 i - 6 scrolls of identify {unknown}
 l - 5 scrolls of remove curse {unknown}
 m - a scroll of teleportation {unknown}
 q - 4 scrolls of enchant armour {unknown}
 r - a scroll of enchant weapon {unknown}
 u - 3 scrolls of magic mapping {unknown}
 v - a scroll of fog {unknown}
 B - a scroll of noise {unknown}
Potions
 k - a potion of resistance {unknown}
 n - a potion of might {unknown}
 o - 2 potions of heal wounds {unknown}
 p - a potion of lignification {unknown}
 s - 2 potions of cancellation {unknown}
 x - a potion of brilliance {unknown}
Comestibles
 g - 10 rations
 w - 2 chunks of flesh


   Skills:
 - Level 1.7 Fighting
 * Level 4.9 Short Blades
 - Level 1.7 Throwing
 - Level 0.7 Dodging
 + Level 7.9 Stealth


You had 6 spell levels left.
You didn't know any spells.
Your spell library was empty.

Dungeon Overview and Level Annotations

Branches:
Dungeon (4/15)
 Temple: D:4-7

Altars:
Ashenzari
Elyvilon
Sif Muna

Annotations:
D:3 2 transporters, exclusion: downstairs, Lanoc's ghost, amateur MiWr


Innate Abilities, Weirdness & Mutations

You have extremely sharp teeth.
Your natural rate of healing is unusually fast.
When hurt, damage is shared between your health and your magic reserves.
Your bite disrupts and absorbs the magic of your enemies.
Potions cannot restore your health.
You are immune to rotting.


Message History

You feel sick.
You closely miss the ogre.
The ogre is moderately wounded.
The ogre barely misses you.
You hit the ogre. Your bite misses the ogre.
The ogre is heavily wounded.
You barely miss the ogre.
The ogre is heavily wounded.
The ogre barely misses you.
You hit the ogre.
The ogre is heavily wounded.
You feel sick.
The ogre hits you with a +0 giant club!!
You hit the ogre.
The ogre is severely wounded.
You hit the ogre.
The ogre is almost dead.
The ogre hits you with a +0 giant club!!
Ouch! That really hurt!
You die...

##### #########...#
#...#.Og#...#########
#...#g.g'g..##.......
####...#g.%#...##.......
#......#####............
######......@Og..............
#....#......##g........##....
#....#...#####.........##....
#....##'######......#####....
#....##......#......### #####
#....##.####.##.......#
#....##.# #.##.......#
#....##.# #.##.......#
#....##.####.##...)...#######


You could see an ogre and 2 goblins.

Vanquished Creatures
  Sigmund (D:4)
  A howler monkey (D:4)
  A worker ant (D:4)
  4 adders
  3 gnolls (D:4)
  A howler monkey skeleton (D:2)
  4 oozes (D:1)
  2 worms
  3 dart slugs
  5 leopard geckos
  3 orcs
  A ball python (D:3)
  10 giant cockroaches
  18 goblins
  4 hobgoblins
  8 jackals
  2 quokkas (D:2)
  2 bats (D:1)
  8 frilled lizards
  12 kobolds
  8 rats
101 creatures vanquished.

Notes
Turn   | Place    | Note
-------+----------+-------------------------------------------
     0 | D:1      | dondy the Vine Stalker Assassin began the quest for the
                  | Orb.
     0 | D:1      | Reached XP level 1. HP: 11/11 MP: 2/2
   489 | D:1      | Reached skill level 5 in Stealth
   534 | D:1      | Reached XP level 2. HP: 15/15 MP: 3/3
   974 | D:1      | Reached XP level 3. HP: 15/18 MP: 4/4
  1406 | D:1      | Reached skill level 6 in Stealth
  1665 | D:2      | Gained mutation: Your natural rate of healing is unusually
                  | fast. [Vine Stalker growth]
  1665 | D:2      | Reached XP level 4. HP: 20/23 MP: 3/5
  1845 | D:2      | Found a deep blue altar of Sif Muna.
  2074 | D:2      | Found a shattered altar of Ashenzari.
  2221 | D:3      | Reached XP level 5. HP: 26/26 MP: 6/6
  2304 | D:3      | Found a white marble altar of Elyvilon.
  2490 | D:3      | Found a transporter.
  2491 | D:3      | Noticed an ogre
  2491 | D:3      | Noticed Lanoc's ghost (amateur MiWr)
  2492 | D:3      | Found a transporter.
  3036 | D:3      | Noticed an ogre
  3037 | D:3      | Noticed an ogre
  3097 | D:4      | Noticed Sigmund
  3126 | D:4      | Killed Sigmund
  3126 | D:4      | Reached skill level 7 in Stealth
  3126 | D:4      | Reached XP level 6. HP: 28/30 MP: 7/7
  3721 | D:4      | Reached XP level 7. HP: 32/34 MP: 8/8
  3729 | D:4      | Slain by an ogre

Vault maps used:
D:1:      ebering_hopf_link
D:2:      led_sif_pool, first_ration, evilmike_ruin_ashenzari
D:3:      elyvilon_altar_3, gammafunk_ghost_smash
D:4:      chequers_serial_rivers_small_b, minmay_ogre_servants, uniq_sigmund

Skill      XL: |  1  2  3  4  5 |
---------------+----------------+-----
Short Blades   | 2 3 4 |  4.9
Stealth        | 5 6 7 |  7.9
Fighting       | |  1.7
Throwing       | |  1.7
Dodging        | |  0.7

Action                   |  1- 3 |  4- 6 |  7- 9 || total
-------------------------+-------+-------+-------++-------
Melee: Dagger            |    87 |   200 |     8 ||   295
       Bite              |    18 |    58 |     1 ||    77
 Fire: Blowgun           |       |     1 |       ||     1
 Stab: Sleeping          |    12 |    14 |       ||    26
       Distracted        |       |     1 |       ||     1
  Eat: Chunk             |     2 |     7 |       ||     9
Armor: Robe              |    15 |    30 |     1 ||    46
Dodge: Dodged            |    38 |    82 |     2 ||   122

Table legend:
 A = Non-vault XP
 B = Vault XP
 C = Vault XP percentage of total XP
 D = Non-vault monster count
 E = Vault monster count
 F = Vault count percentage of total count
                 A         B        C        D         E       F
            +---------+---------+-------+---------+---------+-------
      Total |     381 |     236 |  38.2 |      95 |       6 |   5.9
            +---------+---------+-------+---------+---------+-------
        D:1 |      78 |       0 |   0.0 |      35 |       0 |   0.0
        D:2 |      84 |       0 |   0.0 |      18 |       0 |   0.0
        D:3 |      72 |       0 |   0.0 |      30 |       0 |   0.0
        D:4 |     147 |     236 |  61.6 |      12 |       6 |  33.3
            +---------+---------+-------+---------+---------+-------
